 Dungeon Crawl Stone Soup version 0.17.0-24-gcfadda4 (webtiles) character file.

235 Ganima the Cudgeler (level 6, 0/35 HPs)
             Began as a Gargoyle Gladiator on Nov 15, 2015.
             Slain by a worm (6 damage)
             ... on level 4 of the Dungeon.
             The game lasted 00:10:23 (3102 turns).

Ganima the Cudgeler (Gargoyle Gladiator)            Turns: 3102, Time: 00:10:23

Health: 0/35       AC: 16    Str: 20    XL:     6   Next: 5%
Magic:  6/6        EV:  6    Int:  8    God:
Gold:   140        SH:  0    Dex: 11    Spells: 0 memorised, 5 levels left

rFire  + . .     SeeInvis .     A - +0 mace
rCold  x . .     Clarity  .     r - +0 plate armour
rNeg   + . .     SustAt   .     (no shield)
rPois  ∞         Gourm    .     f - +0 helmet
rElec  +         Spirit   .     v - +0 cloak
rCorr  .         Warding  .     (no gloves)
rMut   .         Stasis   .     (no boots)
MR     .....                    (no amulet)
Stlth  ..........               z - ring of fire {rF+, rC-}
                                x - ring of loudness (curse) {Stlth-}

@: not resistant to hostile enchantments, extremely unstealthy
A: negative energy resistance 1, electricity resistance, unbreathing,
petrification resistance, rot immunity, AC +4
a: no special abilities


You were on level 4 of the Dungeon.
You were not hungry.

You visited 1 branch of the dungeon, and saw 4 of its levels.

You collected 140 gold pieces.

Inventory:

Hand Weapons
 a - a +0 flail
 A - a +0 mace (weapon)
   (You found it on level 3 of the Dungeon)
Missiles
 d - 4 throwing nets (quivered) {=f, !d}
 y - 4 curare-tipped needles
Armour
 b - a +0 leather armour
 c - a +0 helmet
 f - a +0 helmet (worn)
   (You found it on level 1 of the Dungeon)
 o - a +0 large shield
   (You found it on level 1 of the Dungeon)
 q - a +0 ring mail
   (You found it on level 1 of the Dungeon)
 r - a +0 plate armour (worn)
   (You found it on level 2 of the Dungeon)
 v - a +0 cloak (worn)
   (You found it on level 2 of the Dungeon)
Jewellery
 x - a cursed ring of loudness (left hand) {Stlth-}
   (You found it on level 2 of the Dungeon)
 z - a ring of fire (right hand) {rF+, rC-}
   (You found it on level 3 of the Dungeon)
Wands
 s - a wand of flame (22)
   (You found it on level 2 of the Dungeon)
Scrolls
 g - 5 scrolls of remove curse {unknown}
 j - 4 scrolls of identify {unknown}
 p - a scroll of magic mapping {unknown}
 t - 2 scrolls of teleportation {unknown}
 u - a scroll of enchant weapon {unknown}
Potions
 h - a potion of cure mutation {unknown}
 i - 2 potions of degeneration {unknown}
 k - 3 potions of magic {unknown}
 l - 3 potions of curing {unknown}
 n - a potion of brilliance {unknown}
 C - a potion of ambrosia {unknown}
 D - 2 potions of flight {unknown}
Comestibles
 e - 5 bread rations
 m - a beef jerky
 B - a meat ration
 E - 4 fruits


   Skills:
 - Level 2.1 Fighting
 * Level 6.5 Maces & Flails
 - Level 1.7 Throwing
 - Level 2.4 Dodging


You had 5 spell levels left.
You didn't know any spells.

Dungeon Overview and Level Annotations

Branches:
Dungeon (4/15)
 Temple: D:4-7

Altars:


Innate Abilities, Weirdness & Mutations

You are resistant to torment.
Your stone body is resilient (AC +4).
You are immune to poison.
You resist negative energy.
You are resistant to electric shocks.
You can survive without breathing.
You are immune to petrification.
You are immune to rotting.


Message History

No target in view!!!
No target in view!!!
No target in view!!!
No target in view!!!
No target in view!!!
No target in view!!!
D - 2 sapphire potions (gained 1)
Things that are here:
a quarterstaff of chaos; a cloak; the gnoll corpse of Crazy Yiuf You butcher the gnoll corpse of Crazy Yiuf!
w - a chunk of flesh
Things that are here:
a quarterstaff of chaos; a cloak; the gnoll skeleton of Crazy Yiuf Search for what [Enter for "!"]? !
Eating a chunk of flesh!
This raw flesh tastes terrible!
You continue eating! x2
There is a stone staircase leading down here!
You climb downwards!
A giant gecko comes into view!
There is a stone staircase leading up here!
A worm and an orc come into view!
The orc shouts!!!
The orc moves out of view!
An orc priest comes into view! It is wielding a whip!
You barely miss the giant gecko!
The orc priest shouts!!!
The giant gecko barely misses you! x2
You beat the giant gecko like a drum!!!
You annihilate the giant gecko!!!
An orc priest comes into view!
An orc comes into view! It is wielding a short sword!
The orc shouts!!!
You pound the orc priest like an anvil!!!
The orc priest is severely wounded!
The orc priest hits you but does no damage!
Your plate armour prevents you from hitting the orc priest!
The orc priest is severely wounded!
The orc priest mumbles some strange prayers to Beogh against you!
Pain shoots through your body!!!
You crush the orc priest like a grape!
You annihilate the orc priest!!!
You have reached level 6!!!
Your experience leads to an increase in your attributes!!!
Increase (S)trength, (I)ntelligence, or (D)exterity?
You feel agile! The orc hits you but does no damage!
The orc priest hits you but does no damage!
The worm bites you!
You crush the orc priest like a grape!!!
The orc priest is severely wounded!
The orc hits you but does no damage! x2
The orc priest hits you but does no damage!
The worm bites you!
You are too injured to fight recklessly!!!
You are too injured to fight recklessly!!!
You are too injured to fight recklessly!!!
You are too injured to fight recklessly!!!
You are too injured to fight recklessly!!!
You are too injured to fight recklessly!!!
You are too injured to fight recklessly!!!
You are too injured to fight recklessly!!!
You are too injured to fight recklessly!!!
You are too injured to fight recklessly!!!
You are too injured to fight recklessly!!!
You are too injured to fight recklessly!!!
You are too injured to fight recklessly!!!
You are too injured to fight recklessly!!!
You are too injured to fight recklessly!!!
You are too injured to fight recklessly!!!
You are too injured to fight recklessly!!!
You are too injured to fight recklessly!!!
You are too injured to fight recklessly!!!
You are too injured to fight recklessly!!!
You are too injured to fight recklessly!!!
Your plate armour prevents you from hitting the orc priest!
The orc priest is severely wounded!
The orc barely misses you!
The orc priest hits you but does no damage!
The orc hits you but does no damage!
You flatten the orc priest like a pancake!
The orc priest is severely wounded!
The orc hits you but does no damage!
The orc priest miscasts a cantrip!
The orc hits you but does no damage! The worm bites you but does no damage!
You closely miss the orc priest!
The orc priest is severely wounded!
The orc hits you but does no damage! The orc priest barely misses you!
The orc hits you with a short sword! The worm bites you but does no damage!
The orc hits you but does no damage!
You barely miss the orc priest!
The orc priest is severely wounded!
The orc priest invokes the aid of Beogh against you!
Something smites you!!! * * * don't die
* * * The orc hits you but does no damage! x2
You pound the orc priest like an anvil!
The orc priest is severely wounded!
The orc priest barely misses you! The orc hits you but does no damage!
The worm bites you! rip

.......^.#.###
.............
.........#.#######
?................
...............## ##
.......<........#..#
....................
#.##.........w......
##.......@o....#
##......oo..#...
##..#..###.# #......
.. ......... ...
.##........ ..
#....."... .
#........


You could see a worm, an orc priest and 2 orcs.

Vanquished Creatures
  Crazy Yiuf (D:3)
  An orc priest (D:4)
  Jessica (D:2)
  8 adders
  2 worms
  3 giant geckos
  6 orcs (D:3)
  5 bats
  9 giant cockroaches
  4 goblins
  8 hobgoblins
  A quokka (D:2)
  4 giant newts
  4 jackals (D:2)
  7 kobolds
  9 rats
  2 fungi (D:3)
  A plant (D:2)
76 creatures vanquished.

Vanquished Creatures (others)
  A slave (D:4)
1 creature vanquished.

Grand Total: 77 creatures vanquished

Notes
Turn   | Place    | Note
--------------------------------------------------------------
     0 | D:1      | Ganima the Gargoyle Gladiator began the quest for the Orb.
     0 | D:1      | Reached XP level 1. HP: 12/12 MP: 1/1
    95 | D:1      | Reached XP level 2. HP: 11/17 MP: 2/2
   420 | D:1      | Reached skill level 4 in Maces & Flails
   804 | D:2      | Reached XP level 3. HP: 19/21 MP: 3/3
  1262 | D:2      | Reached XP level 4. HP: 23/26 MP: 4/4
  1363 | D:2      | Reached skill level 5 in Maces & Flails
  1619 | D:2      | Noticed Jessica
  1662 | D:2      | Killed Jessica
  1861 | D:2      | Reached XP level 5. HP: 30/30 MP: 5/5
  2341 | D:3      | Reached skill level 6 in Maces & Flails
  2346 | D:3      | Found a faded altar to an unknown god.
  3053 | D:3      | Noticed Crazy Yiuf
  3065 | D:3      | Killed Crazy Yiuf
  3096 | D:4      | Reached XP level 6. HP: 28/35 MP: 6/6
  3098 | D:4      | Killed a slave
  3101 | D:4      | HP: 6/35 [orc priest/divine providence (14)]
  3102 | D:4      | Slain by a worm

Action                   |  1- 3 |  4- 6 || total
-------------------------+-------+-------++-------
Melee: Flail             |   102 |   115 ||   217
       Mace              |       |    92 ||    92
  Eat: Chunk             |       |     7 ||     7

Vault maps used:
D:1:      minmay_arrival_checkered_box, minivault_27
D:2:      first_bread, serial_forest, infiniplex_forest_lined_room_3,
          infiniplex_forest_fountain, infiniplex_forest_clump_curved,
          infiniplex_forest_end_2, infiniplex_forest_lined_4_way, uniq_jessica
D:3:      ecumenical_altar_1, corexii_item_surrounded_by_moat, minmay_unequal,
          uniq_crazy_yiuf_cottage
D:4:      fiery_altar_vehumet, minmay_temple_entry_large_hall, uniq_robin,
          uniq_pikel

Table legend:
 A = Turns spent in this place as a percentage of turns spent in the entire game.
 B = Non-inter-level travel turns spent in this place as a percentage of non-inter-level travel turns spent in the entire game.
 C = Inter-level travel turns spent in this place as a percentage of turns spent in this place.
 D = Turns resting spent in this place as a percentage of non-inter-level travel turns spent in this place.
 E = Turns spent auto-exploring this place as a percentage of non-inter-level travel turns spent in this place.
 F = Non-inter-level travel turns spent in this place divided by the number of levels of this place that you've seen.
                   A       B       C       D       E      F
               +-------+-------+-------+-------+-------+----------------------
         Total | 100.0 | 100.0 |   0.9 |   1.2 |   9.1 | 226.2
       Dungeon | 100.0 | 100.0 |   0.9 |   1.2 |   9.1 | 226.2
               +-------+-------+-------+-------+-------+----------------------

Table legend:
 A = Kills in this place as a percentage of kills in entire the game.
 B = Kills by you in this place as a percentage of kills by you in the entire game.
 C = Kills by friends in this place as a percentage of kills by friends in the entire game.
 D = Other kills in this place as a percentage of other kills in the entire game.
 E = Experience gained in this place as a percentage of experience gained in the entire game.
 F = Experience gained in this place divided by the number of levels of this place that you have seen.
                   A       B       C       D       E      F
               +-------+-------+-------+-------+-------+----------------------
         Total | 100.0 | 100.0 |  -nan |  -nan | 100.0 |  84.0
       Dungeon | 100.0 | 100.0 |  -nan |  -nan | 100.0 |  84.0
               +-------+-------+-------+-------+-------+----------------------
